 Dungeon Crawl Stone Soup version 0.31-a0-455-g1a7b003ef0 (webtiles) character file.

Game seed: 17518952771277366716

181 arthad the Trooper (level 5, -2/34 HPs)
             Began as a Gargoyle Fighter on Aug 3, 2023.
             Slain by an ogre
             ... wielding a +0 giant club
              (17 damage)
             ... on level 4 of the Dungeon.
             The game lasted 00:04:55 (2559 turns).

arthad the Trooper (Gargoyle Fighter)               Turns: 2559, Time: 00:04:56

Health: -2/34      AC: 12    Str: 21    XL:     5   Next: 61%
Magic:  5/5        EV: 14    Int:  9    God:
Gold:   225        SH:  4    Dex:  9    Spells: 4/4 levels left

rFire   . . .        n - +1 morningstar
rCold   . . .        c - +0 buckler
rNeg    + . .        b - +0 scale mail
rPois   ∞            t - +0 helmet
rElec   +            (no cloak)
rCorr   .            (no gloves)
SInv    .            (no boots)
Will    .....        (no amulet) Stlth
                     j - +5 ring of evasion
HPRegen 0.25/turn    v - ring of flight
MPRegen 0.09/turn

%: no passive effects
@: flying
A: sickness immunity, AC +4, negative energy resistance 1, electricity
resistance, torment resistance 1, petrification resistance
a: no special abilities


You were on level 4 of the Dungeon.
You visited 1 branch of the dungeon, and saw 4 of its levels.

You collected 225 gold pieces.

Inventory:

Hand Weapons
 a - a +0 flail
 n - a +1 morningstar (weapon)
Missiles
 k - a poisoned dart
Armour
 b - a +0 scale mail (worn)
 c - a +0 buckler (worn)
 t - a +0 helmet (worn)
Jewellery
 j - a +5 ring of evasion (left hand)
 v - a ring of flight (right hand)
Scrolls
 e - a scroll of teleportation
 o - a scroll of fear
 q - 2 scrolls of identify
 s - a scroll of vulnerability
 w - a scroll of enchant weapon
Potions
 d - a potion of might
 g - a potion of resistance
 h - a potion of mutation {unknown}
 i - a potion of ambrosia {unknown}
 l - 2 potions of curing {unknown}
 p - a potion of degeneration {unknown}
 r - a potion of enlightenment {unknown}
 u - a potion of lignification {unknown}
 x - 2 potions of haste {unknown}
 z - a potion of brilliance {unknown}


   Skills:
 * Level 4.8 Fighting
 * Level 3.5 Maces & Flails
 + Level 3.9 Armour
 + Level 4.0 Shields


You had 4 spell levels left.
You didn't know any spells.
Your spell library was empty.

Dungeon Overview and Level Annotations

Branches:
Dungeon (4/15)             Temple (0/1) D:4

Altars:
Trog
Uskayaw


Innate Abilities, Weirdness & Mutations

You are immune to sickness and miasma.
Your stone body is resilient. (AC +4)
You are immune to poison.
You resist negative energy. (rN+)
You are resistant to electric shocks. (rElec)
You are resistant to unholy torment.
You are immune to petrification.


Message History

No target in view!
No target in view!
No target in view!
No target in view!
No target in view!
No target in view!
No target in view!
No target in view!
No target in view!
No target in view!
Found a staircase to the Ecumenical Temple.
Items here: ) [[ †.
Okay, then.
Items here: ))))))))) †††††.
You hear the slow hiss of a distant avalanche of sand.
Items here: )) ††.
Found 14 gold pieces.
An ogre comes into view. It is wielding a +0 giant club.
The ogre shouts!
Throw: 2 darts (poison)
Press: ? - help, Shift-Dir - straight line, f - ogre
Aim: an ogre, wielding a +0 giant club (70% to hit)
You throw a poisoned dart. The poisoned dart hits the ogre.
You sock the ogre!
The ogre is moderately wounded.
You block the ogre's attack.
You hit the ogre.
The ogre is moderately wounded.
The ogre hits you with a +0 giant club!!
Ouch! That really hurt!
You are too injured to fight recklessly!
You are too injured to fight recklessly!
You sock the ogre!
The ogre is severely wounded.
The ogre closely misses you.
You barely miss the ogre.
The ogre is severely wounded.
The ogre hits you with a +0 giant club!
Ouch! That really hurt!
You die...

### $.. . #.. .#
#.# .. #.# .##.
#
#######.##.....>
... .
.....(O@....#...
##..##
#######.#..#....
..#.. #.#
.#..#.#.... #
#.# .##...#..#.#
###.# .........
#...##.#####.#.#
#.####.......).#
#.# ######)###
### #.# #.# #..


You could see an ogre.

Vanquished Creatures
  Robin (D:4)
  7 adders
  2 worms (D:2)
  A dart slug (D:3)
  7 orcs
  5 endoplasms
  2 giant cockroaches
  16 goblins
  12 hobgoblins
  4 jackals (D:3)
  6 kobolds
  3 quokkas
  6 ball pythons
  5 bats
  3 frilled lizards
  10 rats
90 creatures vanquished.

Notes
Turn   | Place    | Note
-------+----------+-------------------------------------------
     0 | D:1      | arthad the Gargoyle Fighter began the quest for the Orb.
     0 | D:1      | Reached XP level 1. HP: 14/14 MP: 1/1
   130 | D:1      | Reached XP level 2. HP: 19/19 MP: 2/2
   690 | D:2      | Reached XP level 3. HP: 15/24 MP: 3/3
   923 | D:2      | Reached XP level 4. HP: 29/29 MP: 4/4
  1314 | D:2      | You fall into a shaft and drop 1 floor!
  1795 | D:3      | Found a hide-covered altar of Uskayaw.
  1797 | D:3      | Found a bloodstained altar of Trog.
  2175 | D:3      | Reached XP level 5. HP: 34/34 MP: 5/5
  2486 | D:4      | Noticed Robin
  2528 | D:4      | Killed Robin
  2529 | D:4      | Found a staircase to the Ecumenical Temple.
  2553 | D:4      | Noticed an ogre
  2559 | D:4      | Slain by an ogre

Illustrated notes

Levels and vault maps discovered:
D:1:      nzn_arrival_depleted_hourglass, layout_basic, kennysheep_another_room
D:2:      minmay_general_purpose_star, layout_basic, minmay_pentomino_w4
D:3:      layout_loops_ring, jmf_multi_god_temple, kennysheep_cross_room,
          st_stairs_3, chequers_decorated_corner
D:4:      layout_loops_ring, minmay_temple_entry_mini_moons,
          nicolae_ossuary_entry_false_entrances, minmay_starry_boxes, uniq_robin

Skill      XL: |  1  2  3  4  5 |
---------------+----------------+-----
Fighting       | 4 |  4.8
Maces & Flails | 3 |  3.5
Shields        | 4 |  4.0
Armour         | |  3.9

Action                     |  1- 3 |  4- 6 || total
---------------------------+-------+-------++-------
  Melee: Flail             |   109 |    38 ||   147
         Morningstar       |       |   120 ||   120
  Throw: Dart              |       |     1 ||     1
    Use: Scroll            |       |     7 ||     7
 Armour: Scale mail        |    78 |   119 ||   197
  Dodge: Dodged            |    64 |   109 ||   173
  Block: Buckler           |    32 |    56 ||    88

Table legend: (Time is in decaauts)
 A = Elapsed time spent in this place.
 B = Non-inter-level travel time spent in this place.
 C = Inter-level travel time spent in this place.
 D = Time resting spent in this place.
 E = Time spent auto-exploring this place.
 F = Levels seen in this place.
 G = Mean time per level.
                   A        B        C        D        E       F      G
               +--------+--------+--------+--------+--------+-----+--------+
         Total |   2647 |   2596 |     51 |     41 |   1847 |   4 |  661.8 |
       Dungeon |   2647 |   2596 |     51 |     41 |   1847 |   4 |  661.8 |
               +--------+--------+--------+--------+--------+-----+--------+

Top non-repeatable levels by time:
     D:2: 932 daAuts
     D:3: 814 daAuts
     D:1: 719 daAuts
     D:4: 179 daAuts
